Map: Acropolis LE

Players

JimRising

  • Race: Zerg Zerg
  • League: Grandmaster
  • Spawn Location: 11:00

TurkeyDano - Winner!

  • Race: Protoss Protoss
  • League: Master
  • Spawn Location: 5:00

Event: NationWars 2019

VOD

Have the link to the VOD?

Description

Time

  • Played on: Nov. 14, 2019, 12:18 p.m.
  • Length: 8:23
Show
View Real Time Build Order
Export as new Build Order

JimRising Zerg 

Build Orders: Pool First 

Get SALT Encoding   

  12  0:01  Drone  
  13  0:12  Overlord  
  13  0:17  Drone  
  14  0:33  Spawning Pool  
  13  0:36  Drone  
  13  0:40  Drone  
  15  0:46  Drone  
  15  0:49  Extractor  
  15  0:54  Drone  
  16  1:03  Drone  
  17  1:20  Hatchery  
  16  1:30  Queen  
  18  1:36  Drone  
  18  1:39  Drone  
  20  1:42  Drone  
  21  1:50  Metabolic Boost  
  21  1:57  Overlord  
  21  2:14  Queen  
  23  2:21  Drone  
  24  2:22  Roach Warren  
  23  2:31  Overlord  
  23  2:57  Overlord  
  23  3:02  Roach x2  
  23  3:03  Roach x3  
  33  3:07  Roach  
  33  3:10  Roach  
  37  3:15  Roach  
  39  3:20  Roach  
  41  3:28  Zergling x2  
  41  3:29  Zergling x4  
  41  3:33  Zergling x2  
  45  3:42  Zergling x6  
  45  3:45  Ravager  
  49  3:52  Overlord  
  49  3:57  Zergling x2  
  49  3:59  Zergling x2  
  50  4:08  Zergling x6  
  48  4:13  Zergling x2  
  48  4:14  Zergling x2  
  43  4:18  Zergling x2  
  43  4:23  Zergling x2  
  43  4:24  Zergling x2  
  43  4:30  Zergling x2  
  43  4:31  Zergling x2  
  46  4:38  Zergling x4  
  45  4:45  Zergling x4  
  36  4:51  Zergling x4  
  35  4:56  Roach  
  35  4:58  Ravager  
  34  5:01  Zergling x2  
  34  5:04  Zergling x2  
  36  5:09  Roach  
  36  5:18  Roach  
  36  5:19  Roach  
  36  5:25  Ravager  
  36  5:26  Roach  
  39  5:31  Zergling x2  
  38  5:42  Roach x2  
  39  5:46  Zergling x2  
  39  5:48  Zergling x2  
  41  5:52  Zergling x2  
  42  5:57  Roach  
  42  6:01  Zergling x2  
  45  6:05  Zergling x2  
  46  6:16  Zergling x4  
  43  6:21  Ravager  
  43  6:22  Zergling x2  
  45  6:25  Zergling x2  
  43  6:34  Zergling x2  
  43  6:38  Zergling x2  
  37  6:44  Zergling x2  
  32  6:47  Roach  
  32  6:49  Queen  
  34  6:55  Roach  
  34  6:59  Zergling x2  
  37  7:05  Ravager  
  37  7:06  Zergling x2  
  40  7:08  Zergling x2  
  40  7:18  Zergling x2  
  40  7:20  Zergling x2  
  38  7:27  Zergling x2  
  39  7:34  Ravager  
  39  7:35  Zergling x2  
  40  7:39  Zergling x2  
  40  7:40  Queen  
  40  7:41  Zergling x2  
  42  7:50  Zergling x2  
  40  7:52  Zergling x2  
  40  7:58  Zergling x4  
  37  8:02  Zergling x4  
Show
View Real Time Build Order
Export as new Build Order

TurkeyDano Protoss - Winner!

Build Orders:  

Get SALT Encoding   

  12  0:00  Probe  
  13  0:12  Probe  
  14  0:17  Pylon  
  14  0:25  Probe (Chrono Boost)  
  15  0:37  Probe (Chrono Boost)  
  15  0:40  Forge  
  16  0:46  Probe (Chrono Boost)  
  17  0:50  Pylon  
  17  1:05  Probe  
  18  1:13  Photon Cannon  
  18  1:15  Gateway  
  18  1:17  Probe  
  19  1:28  Photon Cannon  
  19  1:31  Probe  
  20  1:35  Assimilator  
  20  1:47  Pylon, Probe  
  21  2:04  Cybernetics Core  
  21  2:06  Photon Cannon  
  21  2:11  Probe  
  22  2:22  Assimilator  
  21  2:24  Photon Cannon  
  21  2:30  Probe  
  22  2:38  Stalker (Chrono Boost)  
  24  2:44  Shield Battery  
  24  2:49  Probe  
  25  2:56  Robotics Facility  
  25  3:01  Shield Battery  
  25  3:09  Stalker  
  27  3:20  Pylon  
  27  3:39  Stalker  
  27  3:41  Immortal (Chrono Boost)  
  29  3:46  Pylon  
  33  3:55  Shield Battery  
  33  4:15  Photon Cannon  
  33  4:21  Photon Cannon  
  33  4:28  Photon Cannon  
  33  4:32  Shield Battery  
  29  4:50  Pylon  
  29  4:55  Stalker  
  29  4:58  Photon Cannon  
  31  5:05  Immortal (Chrono Boost)  
  35  5:39  Immortal (Chrono Boost)  
  35  5:45  Robotics Facility  
  35  5:49  Shield Battery  
  35  5:50  Shield Battery  
  35  5:57  Pylon  
  35  6:06  Photon Cannon  
  35  6:17  Warp Prism  
  37  6:26  Photon Cannon  
  33  6:41  Immortal (Chrono Boost)  
  37  7:01  Immortal (Chrono Boost)  
  37  7:22  Immortal  
  41  7:34  Immortal  
  49  8:11  Shield Battery  
  49  8:13  Shield Battery  
Tags
 
Add a new tag
Caveats
  • Supply blocks, unpowered buildings, or Contaminate may cause inaccurate times.
  • Supply counts are checked every 10 seconds.